 Dungeon Crawl Stone Soup version 0.30-a0-1035-g38d5fb2972 (webtiles) character file.

Game seed: 1512209131354106335

20 holysushi the Grave Robber (level 2, -1/19 HPs)
             Began as a Demonspawn Necromancer on Apr 9, 2023.
             Slain by a jackal (3 damage)
             ... on level 1 of the Dungeon.
             The game lasted 00:00:57 (684 turns).

holysushi the Grave Robber (Demonspawn Necromancer)  Turns: 684, Time: 00:00:57

Health: -1/19      AC:  2    Str:  8    XL:     2   Next: 58%
Magic:  5/5        EV: 12    Int: 16    God:
Gold:   56         SH:  0    Dex: 13    Spells: 4/5 levels left

rFire   . . .      SeeInvis .    g - +1 short sword (speed)
rCold   . . .      Faith    .    (no shield)
rNeg    . . .      Spirit   .    a - +0 robe
rPois   .          Reflect  .    (no helmet)
rElec   .          Rampage  .    (no cloak)
rCorr   .                        (no gloves)
Will    .....                    (no boots)
Stlth   ++                       (no amulet)
HPRegen 0.23/turn                (no ring)
MPRegen 0.09/turn                (no ring)

@: no status effects
A: hooves 1
a: no special abilities


You were on level 1 of the Dungeon.
You visited 1 branch of the dungeon, and saw 1 of its levels.

You collected 56 gold pieces.

Inventory:

Hand Weapons
 g - a +1 short sword of speed (weapon)
Armour
 a - a +0 robe (worn)
Scrolls
 c - a scroll of poison {unknown}
 d - a scroll of teleportation {unknown}
 f - 3 scrolls of identify {unknown}
 h - 2 scrolls of vulnerability {unknown}
Potions
 b - a potion of magic
 e - a potion of degeneration {unknown}
 i - a potion of brilliance {unknown}
 j - a potion of attraction {unknown}


   Skills:
 + Level 1.4 Short Blades
 - Level 1.7 Dodging
 - Level 1.7 Stealth
 - Level 2.0 Spellcasting
 - Level 4.8 Necromancy


You had 4 spell levels left.
You knew the following spells:

 Your Spells              Type           Power      Damage    Failure   Level
a - Necrotise             Necr           64%        1d7       3%          1

Your spell library contained the following spells:

 Spells                   Type           Power      Damage    Failure   Level
 Vampiric Draining        Necr           16%        2d7       9%          3
 Freeze                   Ice            4%         1d3       21%         1
 Animate Dead             Necr           16%        N/A       28%         4
 Frozen Ramparts          Ice            2%         1d1       52%         3
 Hailstorm                Conj/Ice       1%         3d3       52%         3
 Agony                    Necr           16%        N/A       63%         5


Dungeon Overview and Level Annotations

Branches:
Dungeon (1/15) Zot: 5329

Altars:


Innate Abilities, Weirdness & Mutations

You have large cloven feet.


Message History

You barely miss the jackal. You kick the jackal, but do no damage.
You hit the jackal.
The jackal is severely wounded.
The jackal bites you but does no damage.
The jackal barely misses you. The jackal bites you.
The jackal attacks as you move away! The jackal misses you.
The jackal attacks as you move away! The jackal barely misses you.
The jackal attacks as you move away! The jackal misses you.
The jackal barely misses you.
You barely miss the jackal. You kick the jackal.
The jackal is lightly wounded.
The jackal bites you but does no damage.
The jackal bites you. x2
You barely miss the jackal. Your kick misses the jackal.
The jackal is lightly wounded.
The jackal bites you. x2
The jackal bites you but does no damage.
You barely miss the jackal. Your kick misses the jackal.
The jackal is lightly wounded.
The jackal barely misses you. The jackal bites you.
You closely miss the jackal. You kick the jackal.
The jackal is moderately wounded.
The jackal completely misses you. The jackal bites you.
* * * LOW HITPOINT WARNING * * *
The jackal misses you.
You closely miss the jackal.
The jackal barks!
You kick the jackal, but do no damage.
The jackal is moderately wounded.
The jackal barely misses you.
The jackal bites you but does no damage.
The jackal bites you.
* * * LOW HITPOINT WARNING * * *
You hit the jackal but do no damage. You kick the jackal.
You kill the jackal!
The jackal bites you.
* * * LOW HITPOINT WARNING * * *
The jackal bites you.
You die...

.....#. ##..# #.. ###...... #
......h###...###. .. ###...# +
.................... ##.## #
........)....###.... ###'##
...h.#..##.h..##.... ##..... ....
#..#..#........ #...... ..
#.............# #...<.. #+#
##.#.##h....## ##..... #.#
#....h@..### ##..... #.#
###.#.###########'#####
#####.#### #.#.............## ##
#........# #.###............# #.
#.#......####.##########.....###.
#.##..†#.##.#.#.#.#.#.##......#..
#.###......#.#.#.#.#.#.#......#..
......##.##.#.#.#.#.#.##.........
#.###.##.###.#.#.#.#.#.##########


You could see 3 jackals.

Vanquished Creatures
  4 ball pythons (D:1)
  2 giant cockroaches (D:1)
  2 goblins (D:1)
  A hobgoblin (D:1)
  A jackal (D:1)
  3 bats (D:1)
  A frilled lizard (D:1)
  2 kobolds (D:1)
  2 rats (D:1)
18 creatures vanquished.

Vanquished Creatures (collateral kills)
  A ball python (D:1)
  A rat (D:1)
2 creatures vanquished.

Grand Total: 20 creatures vanquished

Notes
Turn   | Place    | Note
-------+----------+-------------------------------------------
     0 | D:1      | holysushi the Demonspawn Necromancer began the quest for
                  | the Orb.
     0 | D:1      | Reached XP level 1. HP: 13/13 MP: 3/3
   242 | D:1      | Gained mutation: You have large cloven feet. [demonic
                  | ancestry]
   242 | D:1      | Reached XP level 2. HP: 19/19 MP: 1/5
   460 | D:1      | Reached skill level 1 in Short Blades
   684 | D:1      | Slain by a jackal

Illustrated notes

Levels and vault maps discovered:
D:1:      onia_arrival_pentagram, layout_loops_corners, minivault_23,
          minmay_tromino_v4_c

Skill      XL: |  1  2 |
---------------+-------+-----
Short Blades   | 1 |  1.4
Dodging        | |  1.7
Stealth        | |  1.7
Spellcasting   | |  2.0
Necromancy     | |  4.8

Action                     || total
---------------------------++-------
  Melee: Unarmed           ||     7
         Short sword       ||    37
         Kick              ||     8
         Punch             ||     1
   Cast: Necrotise         ||     9
   Stab: Sleeping          ||     5
 Armour: Robe              ||    10
  Dodge: Dodged            ||    28

Table legend: (Time is in decaauts)
 A = Elapsed time spent in this place.
 B = Non-inter-level travel time spent in this place.
 C = Inter-level travel time spent in this place.
 D = Time resting spent in this place.
 E = Time spent auto-exploring this place.
 F = Levels seen in this place.
 G = Mean time per level.
                   A        B        C        D        E       F      G
               +--------+--------+--------+--------+--------+-----+--------+
         Total |    670 |    670 |      0 |     13 |    503 |   1 |  670.0 |
       Dungeon |    670 |    670 |      0 |     13 |    503 |   1 |  670.0 |
               +--------+--------+--------+--------+--------+-----+--------+

Top non-repeatable levels by time:
     D:1: 670 daAuts
